 Dungeon Crawl Stone Soup version 0.24.0-123-gd5b16e6ec5 (webtiles) character file.

Game seed: 17246991968374058055, levelgen mode: deterministic

14422 Curus the Carver (level 11, -3/102 HPs)
             Began as a Minotaur Fighter on Dec 30, 2019.
             Was an Elder of Makhleb.
             Slain by a komodo dragon (20 damage)
             ... on level 1 of the Lair of Beasts.
             The game lasted 00:34:18 (8788 turns).

Curus the Carver (Minotaur Fighter)                 Turns: 8788, Time: 00:34:19

Health: -3/102     AC: 23    Str: 25    XL:     11   Next: 88%
Magic:  22/22      EV:  6    Int:  7    God:    Makhleb [****..]
Gold:   576        SH: 11    Dex: 12    Spells: 10/10 levels left

rFire    + . .     SeeInvis .   a - +2 long sword (flame)
rCold    . . .     Gourm    .   c - +0 shield
rNeg     . . .     Faith    .   g - +5 plate armour
rPois    +         Spirit   .   (helmet restricted)
rElec    .         Reflect  .   w - +2 cloak
rCorr    .         Harm     .   (no gloves)
MR       .....     Clarity  +   (no boots)
Stlth    ..........             (no amulet)
HPRegen  0.27/turn              j - ring of magical power
MPRegen  0.18/turn              (no ring)

@: mighty, lethally poisoned (-3 -> -5)
A: retaliatory headbutt, horns 2, talons 1, clarity, fire resistance 1, poison
resistance
a: Minor Destruction, Lesser Servant of Makhleb, Major Destruction, Renounce
Religion


You were on level 1 of the Lair of Beasts.
You worshipped Makhleb.
Makhleb was greatly pleased with you.
You were not hungry.

You visited 3 branches of the dungeon, and saw 12 of its levels.

You collected 576 gold pieces.

Inventory:

Hand Weapons
 a - a +2 long sword of flaming (weapon)
 k - a cursed -1 falchion
 s - a cursed +3 great sword of freezing
Armour
 b - a +0 scale mail
 c - a +0 shield (worn)
 g - a +5 plate armour (worn)
 w - a +2 cloak (worn)
Jewellery
 j - a ring of magical power (left hand)
 x - an uncursed ring of teleportation
Wands
 p - a wand of paralysis (5)
 y - a wand of digging (11)
Scrolls
 i - 6 scrolls of teleportation
 l - 6 scrolls of remove curse
 m - 14 scrolls of identify
 q - 3 scrolls of amnesia
 u - a scroll of fear
 z - a scroll of enchant armour
Potions
 d - a potion of might
 e - 3 potions of brilliance
 h - 3 potions of magic
 n - 3 potions of agility
 o - a potion of heal wounds
 r - 2 potions of lignification
 t - 2 potions of curing
 v - a potion of flight
Comestibles
 f - 26 rations


   Skills:
 - Level 11.5 Fighting
 - Level 14.0 Long Blades
 - Level 11.5 Armour
 + Level 7.4 Shields
 + Level 5.2 Invocations


You had 10 spell levels left.
You didn't know any spells.
Your spell library contained the following spells:

 Spells                   Type           Power        Failure   Level  Hunger
 Beastly Appendage        Tmut           #.....       100%        1    ##.....
 Corona                   Hex            #......      100%        1    ##.....
 Summon Small Mammal      Summ           #...         100%        1    ##.....
 Call Imp                 Summ           #.......     100%        2    ###....
 Ensorcelled Hibernation  Hex/Ice        #.....       100%        2    ###....
 Sticks to Snakes         Tmut           #.......     100%        2    ###....
 Call Canine Familiar     Summ           #.......     100%        3    ####...
 Confuse                  Hex            #.......     100%        3    ####...
 Dazzling Spray           Conj/Hex       #.....       100%        3    ####...
 Spider Form              Tmut/Pois      #.........   100%        3    ####...
 Summon Guardian Golem    Hex/Summ       #.......     100%        3    ####...
 Tukima's Dance           Hex            #.......     100%        3    ####...
 Ice Form                 Ice/Tmut       #.......     100%        4    #####..
 Summon Ice Beast         Ice/Summ       #.......     100%        4    #####..
 Summon Lightning Spire   Summ/Air       #.......     100%        4    #####..
 Blade Hands              Tmut           #.........   100%        5    ######.


Dungeon Overview and Level Annotations

Branches:
Dungeon (10/15)            Temple (1/1) D:5            Lair (1/6) D:10
    Orc: D:9-12

Altars:
Ashenzari
Cheibriados
Dithmenos
Elyvilon
Fedhas
Gozag
Hepliaklqana
Kikubaaqudgha
Makhleb
Nemelex Xobeh
Okawaru
Qazlal
Ru
Sif Muna
Trog
Uskayaw
Vehumet
Wu Jian
Xom
Yredelemnul
Zin
The Shining One

Shops:
D:5 }   D:7 }


Innate Abilities, Weirdness & Mutations

You reflexively headbutt those who attack you in melee.
You have a pair of horns on your head.
You have sharp toenails.
You possess an exceptional clarity of mind.
Your flesh is heat resistant. (rF+)
Your system is resistant to poisons. (rPois)


Message History

The spiny frog is moderately wounded.
The spiny frog stings you but does no damage.
You slash the spiny frog! You burn the spiny frog. You headbutt the spiny frog.
The spiny frog is severely wounded.
You feel sick.
The spiny frog stings you but does no damage.
You closely miss the spiny frog. You claw the spiny frog!
The spiny frog is almost dead.
You slash the spiny frog! You burn the spiny frog.
You kill the spiny frog!
Makhleb accepts your kill.
You feel sick. You block the komodo dragon's attack.
You hit the komodo dragon. You burn the komodo dragon.
You claw the komodo dragon.
The komodo dragon is moderately wounded.
You block the komodo dragon's attack.
You completely miss the komodo dragon. You headbutt the komodo dragon.
The komodo dragon is heavily wounded.
You feel sick. The komodo dragon bites you!!
You die...

#.....
#.....##.##.####..≈≈≈≈≈≈..
#..⌠..##...........#
#....≈≈≈≈≈.
.........⌠..#.....##
#..>.≈≈≈≈≈.
...^..#.....#.....#
#...†≈≈≈≈≈.
...⌠.......######.#
##.≈≈≈≈≈≈≈. ...........#
..# ##.≈≈≈≈≈≈..
⌠..⌠..⌠...## ####.#
#.†≈≈≈≈≈... ........#.#
##.##.## ##.≈.≈≈....
...⌠...#### #..l@..##
##.#....... ......#.#
###=.##l..# #..##......
..#+.#### #....§....#
##.#....... .#...##.#
##.#.###..# #....†.†..
#......## #.#.. #..#
###....... .⌠.>.⌠.# # #.#
#.#### ##..#.... #.....##
### #5...###...#....
...⌠.## ..
#5..###...##.... .†#.###
#.#....##..##.#...


You could see 2 komodo dragons.

Vanquished Creatures
  Harold (Lair:1)
  An unseen horror (D:10)
  Pikel (D:8)
  A centaur zombie (D:10)
  2 gargoyles (D:10)
  4 spiny frogs (Lair:1)
  3 komodo dragons (Lair:1)
  2 trolls
  3 hippogriffs
  Prince Ribbit (Lair:1)
  3 blink frogs (Lair:1)
  Sigmund (D:5)
  8 yaks
  A human (D:7)
  A hungry ghost (D:8)
  4 hogs (D:7)
  3 wargs (D:10)
  4 water moccasins
  Duvessa (D:5)
  An orc warrior (D:9)
  A porcupine (Lair:1)
  2 black bears (D:7)
  2 phantoms
  5 ice beasts
  2 sky beasts
  4 ogres
  A slave (D:8)
  6 centaurs
  A big kobold (D:8)
  9 bullfrogs
  A water moccasin zombie (D:6)
  Dowan (D:5)
  4 scorpions
  A water moccasin skeleton (D:6)
  6 killer bees
  5 wights (D:6)
  2 crimson imps
  A bullfrog zombie (D:9)
  A quasit (D:9)
  A jelly (D:8)
  3 orc wizards
  2 hounds
  2 bullfrog skeletons
  6 orc priests
  Ijyb (D:5)
  7 worker ants
  2 hound skeletons
  A worker ant zombie (D:9)
  Robin (D:3)
  4 gnolls (D:6)
  3 howler monkey skeletons
  16 adders
  3 shadow imps
  4 oozes
  3 worms
  3 dart slugs
  3 leopard geckos
  26 orcs
  2 ball pythons
  4 bats
  4 giant cockroaches
  15 goblins
  6 hobgoblins
  10 jackals
  12 kobolds
  5 quokkas
  4 frilled lizards
  2 leopard gecko skeletons
  A leopard gecko zombie (D:8)
  10 rats
267 creatures vanquished.

Vanquished Creatures (collateral kills)
  A hydra (Lair:1)
  A spiny frog (Lair:1)
  A komodo dragon (Lair:1)
  A water moccasin (Lair:1)
  3 killer bees (D:9)
7 creatures vanquished.

Grand Total: 274 creatures vanquished

Notes
Turn   | Place    | Note
-------+----------+-------------------------------------------
     0 | D:1      | Curus the Minotaur Fighter began the quest for the Orb.
     0 | D:1      | Reached XP level 1. HP: 19/19 MP: 0/0
    65 | D:1      | Reached skill level 3 in Long Blades
   240 | D:1      | Reached XP level 2. HP: 26/26 MP: 1/1
   792 | D:2      | Reached skill level 4 in Long Blades
   855 | D:2      | Reached XP level 3. HP: 19/31 MP: 2/2
   961 | D:2      | Found a hide-covered altar of Uskayaw.
  1038 | D:2      | Reached skill level 5 in Long Blades
  1080 | D:2      | Reached XP level 4. HP: 30/39 MP: 3/3
  1184 | D:2      | Found a sacrificial altar of Ru.
  1706 | D:3      | Noticed Robin
  1708 | D:3      | Reached skill level 6 in Long Blades
  1721 | D:3      | Killed Robin
  1743 | D:3      | Reached XP level 5. HP: 36/45 MP: 4/4
  1787 | D:3      | Found a shimmering blue altar of Sif Muna.
  2006 | D:3      | Reached skill level 7 in Long Blades
  2151 | D:3      | Noticed a sky beast
  2157 | D:3      | Killed a sky beast
  2157 | D:3      | Reached skill level 8 in Long Blades
  2157 | D:3      | Reached XP level 6. HP: 18/51 MP: 5/5
  2620 | D:4      | Reached skill level 9 in Long Blades
  2804 | D:4      | Reached XP level 7. HP: 57/57 MP: 6/6
  2992 | D:4      | Gained mutation: You possess an exceptional clarity of
                  | mind. [potion of mutation]
  2992 | D:4      | Gained mutation: You have sharp toenails. [potion of
                  | mutation]
  2992 | D:4      | Gained mutation: Your system is resistant to poisons.
                  | (rPois) [potion of mutation]
  2992 | D:4      | Gained mutation: Your flesh is heat resistant. (rF+)
                  | [potion of mutation]
  3222 | D:5      | Entered Level 5 of the Dungeon
  3265 | D:5      | Found a staircase to the Ecumenical Temple.
  3275 | Temple   | Entered the Ecumenical Temple
  3369 | Temple   | Became a worshipper of Makhleb the Destroyer
  3442 | D:5      | Noticed Ijyb
  3455 | D:5      | Paralysed by Ijyb for 4 turns
  3462 | D:5      | Killed Ijyb
  3497 | D:5      | Found an ancient bone altar of Kikubaaqudgha.
  3519 | D:5      | Noticed Sigmund
  3566 | D:5      | Killed Sigmund
  3566 | D:5      | Reached skill level 10 in Long Blades
  3734 | D:5      | Reached skill level 11 in Long Blades
  3734 | D:5      | Reached XP level 8. HP: 60/64 MP: 7/7
  3785 | D:5      | Found a glowing silver altar of Zin.
  3883 | D:5      | Found Buelegg's Gadget Boutique.
  3960 | D:5      | Noticed Duvessa
  3960 | D:5      | Noticed Dowan
  3970 | D:5      | Killed Duvessa
  3975 | D:5      | Killed Dowan
  4029 | D:5      | Reached skill level 12 in Long Blades
  4313 | D:6      | Reached * piety under Makhleb
  4329 | D:6      | Reached skill level 13 in Long Blades
  4714 | D:6      | Reached XP level 9. HP: 49/70 MP: 8/8
  5038 | D:6      | Reached skill level 14 in Long Blades
  5248 | D:7      | Found Riokix's Gadget Boutique.
  5395 | D:7      | Reached skill level 5 in Fighting
  5395 | D:7      | Reached skill level 5 in Armour
  5512 | D:7      | Found a bloodstained altar of Trog.
  5575 | D:7      | Reached ** piety under Makhleb
  5629 | D:7      | You fall into a shaft and drop 2 floors!
  5934 | D:7      | Reached XP level 10. HP: 78/86 MP: 9/9
  6582 | D:8      | Noticed Pikel
  6596 | D:8      | Killed Pikel
  6908 | D:9      | Found a radiant altar of Vehumet.
  6930 | D:9      | Reached *** piety under Makhleb
  7073 | D:9      | Found an iron altar of Okawaru.
  7246 | D:9      | Reached skill level 10 in Fighting
  7250 | D:9      | Reached skill level 10 in Armour
  7704 | D:9      | Noticed a lindwurm
  7719 | D:10     | Entered Level 10 of the Dungeon
  7719 | D:10     | Noticed a gargoyle
  7727 | D:10     | Killed a gargoyle
  7768 | D:9      | Noticed a lindwurm
  7768 | D:9      | Noticed a lindwurm
  7838 | D:10     | Noticed a gargoyle
  7856 | D:10     | Killed a gargoyle
  7856 | D:10     | Reached XP level 11. HP: 97/101 MP: 10/10
  8162 | D:10     | Killed an unseen horror
  8233 | D:10     | Found a staircase to the Lair.
  8259 | D:10     | Reached **** piety under Makhleb
  8481 | Lair:1   | Entered Level 1 of the Lair of Beasts
  8498 | Lair:1   | Noticed Harold
  8512 | Lair:1   | Killed Harold
  8512 | Lair:1   | Reached skill level 1 in Invocations
  8588 | Lair:1   | Noticed Prince Ribbit
  8592 | Lair:1   | Killed Prince Ribbit
  8604 | Lair:1   | Reached skill level 5 in Shields
  8674 | Lair:1   | Noticed an eight-headed hydra
  8680 | Lair:1   | Killed a six-headed hydra
  8776 | Lair:1   | Reached skill level 5 in Invocations
  8788 | Lair:1   | Slain by a komodo dragon

Levels and vault maps discovered:
D:1:      dpeg_arrival_windows_large_door, layout_basic, minmay_cut_off
D:2:      layout_loops_cross, nicolae_overflow_crystal_walls,
          nicolae_ru_the_path_less_chosen
D:3:      kennysheep_big_flooded_room, layout_loops_corners, led_sif_pool,
          kennysheep_generic_room_14, uniq_robin
D:4:      layout_loops_ring
D:5:      layout_basic, overflow_temple_1_default, minmay_temple_entry_arrows,
          basic_altar, serial_shops, shop, first_ration, minivault_5, uniq_ijyb,
          uniq_duvessa, uniq_sigmund
D:6:      layout_rooms
D:7:      layout_basic, trog_ov_bears_minmay, serial_shops,
          nicolae_shop_statue_plus, grunt_livestock
D:8:      layout_cave_pods, uniq_pikel
D:9:      layout_stronghold, lemuel_doored_altar, vehumet_crystals,
          minmay_lindwurm_lava
D:10:     layout_cave_pods, erik_lair_orcish_takeover, minivault_25_ag
Temple:   minmay_temple_bridge_d
Lair:1:   layout_cave_pods, gammafunk_ghost_ooze, beast_lair_carwin_5,
          grunt_megastairs_3, infiniplex_staircase_pool, uniq_prince_ribbit2,
          uniq_harold

Skill      XL: |  1  2  3  4  5  6  7  8  9 10 11 |
---------------+----------------------------------+-----
Long Blades    | 3 4 5 6 8 9 11 13 14 | 14.0
Fighting       | 7 10 11 | 11.5
Armour         | 7 10 11 | 11.5
Shields        | 7 |  7.4
Invocations    | 5 |  5.2

Action                   |  1- 3 |  4- 6 |  7- 9 | 10-12 || total
-------------------------+-------+-------+-------+-------++-------
Melee: Long sword        |    75 |   202 |   336 |   349 ||   962
       Headbutt          |    15 |    24 |    55 |    73 ||   167
       Kick              |       |       |    94 |    97 ||   191
Invok: Minor Destruction |       |       |       |     6 ||     6
       Lesser Servant of |       |       |       |     2 ||     2
  Use: Potion            |     4 |     2 |     3 |     3 ||    12
       Scroll            |     4 |     3 |    10 |     5 ||    22
 Stab: Distracted        |       |       |       |     1 ||     1
  Eat: Chunk             |     1 |     5 |    14 |     6 ||    26
       Ration            |       |       |       |     1 ||     1
Armor: Scale mail        |    10 |       |       |       ||    10
       Plate armour      |    25 |   117 |   149 |   183 ||   474
       Skin              |       |       |     1 |       ||     1
Dodge: Dodged            |     8 |    23 |    29 |    39 ||    99
Block: Shield            |    33 |    86 |   140 |   145 ||   404
       Rpst.: Long sword |     3 |     5 |     5 |     6 ||    19
